 Dungeon Crawl Stone Soup version 0.26-a0-652-gafc20e3620 (webtiles) character file.

Game seed: 9030885777924867566

16461 miket3c the Severer (level 12, -4/105 HPs)
             Began as a Minotaur Fighter on Oct 3, 2020.
             Was a High Priest of Makhleb.
             Slain by a 15-headed hydra (9 damage)
             ... on level 1 of the Lair of Beasts on Oct 4, 2020.
             The game lasted 00:42:33 (11841 turns).

miket3c the Severer (Minotaur Fighter)             Turns: 11841, Time: 00:42:33

Health: -4/105     AC: 22    Str: 28    XL:     12   Next: 10%
Magic:  11/11      EV:  9    Int:  5    God:    Makhleb [*****.]
Gold:   525        SH: 12    Dex: 11    Spells: 11/11 levels left

rFire    + . .     SeeInvis .   a - +0 war axe (vorpal)
rCold    . . .     Faith    +   c - +0 kite shield
rNeg     + . .     Spirit   .   l - +3 chain mail {rF+}
rPois    .         Reflect  .   (helmet restricted)
rElec    .         Harm     .   W - +0 cloak
rCorr    .         Rampage  .   y - +1 pair of gloves {Str+3}
MR       +....                  (no boots)
Stlth    ..........             t - amulet of faith
HPRegen  0.27/turn              r - ring "Gisyzelu" {rN+ MR+}
MPRegen  0.12/turn              L - +4 ring of protection

@: mighty
A: retaliatory headbutt, horns 2
a: Minor Destruction, Lesser Servant of Makhleb, Major Destruction, Greater
Servant of Makhleb, Renounce Religion


You were on level 1 of the Lair of Beasts.
You worshipped Makhleb.
Makhleb was extremely pleased with you.
You visited 3 branches of the dungeon, and saw 15 of its levels.

You collected 840 gold pieces.
You spent 315 gold pieces at shops.

Inventory:

Hand Weapons
 a - a +0 vorpal war axe (weapon)
 b - a +2 flail of freezing
 Y - a +0 battleaxe
Missiles
 j - 378 stones (quivered)
 p - 41 poisoned darts
 u - 11 boomerangs
 x - 7 atropa-tipped darts
Armour
 c - a +0 kite shield (worn)
 l - a +3 chain mail of fire resistance (worn)
 v - +0 ice dragon scales
 y - a +1 pair of gloves of strength (worn)
 J - a +0 plate armour
 V - a +0 tower shield
 W - a +0 cloak (worn)
Jewellery
 r - the ring "Gisyzelu" (left hand) {rN+ MR+}
   (You found it on level 4 of the Dungeon)

   [ring of protection from magic]

   It protects you from negative energy.
   It affects your resistance to hostile enchantments.
 t - an amulet of faith (around neck)
 w - a +6 ring of dexterity
 B - an uncursed ring of poison resistance
 L - a +4 ring of protection (right hand)
 Z - a +6 ring of dexterity
Wands
 k - a wand of iceblast (4)
 C - a wand of flame (15)
 K - a wand of polymorph (10)
 S - a wand of enslavement (8)
Scrolls
 m - 6 scrolls of teleportation
 n - 12 scrolls of identify
 q - 4 scrolls of remove curse
 A - 2 scrolls of fear {unknown}
 D - 2 scrolls of blinking
 F - 2 scrolls of vulnerability {unknown}
 G - 2 scrolls of enchant armour {unknown}
 H - 2 scrolls of immolation {unknown}
 I - 5 scrolls of fog
 P - a scroll of noise {unknown}
 Q - a scroll of enchant weapon
 R - 2 scrolls of magic mapping {unknown}
 T - a scroll of summoning
Potions
 d - 3 potions of might
 e - 7 potions of flight
 f - 3 potions of degeneration {unknown}
 i - a potion of lignification {unknown}
 o - 2 potions of stabbing {unknown}
 s - a potion of berserk rage {unknown}
 M - a potion of magic {unknown}
 U - a potion of ambrosia {unknown}
 X - a potion of resistance {unknown}


   Skills:
 + Level 9.4 Fighting
 * Level 16.5 Axes
 + Level 1.0 Throwing
 + Level 9.2 Armour
 + Level 3.8 Dodging
 + Level 10.2 Shields


You had 11 spell levels left.
You didn't know any spells.
Your spell library contained the following spells:

 Spells                   Type           Power        Failure   Level
 Magic Dart               Conj           #...         99%         1
 Blink                    Tloc           N/A          100%        2
 Call Imp                 Summ           #.......     100%        2
 Slow                     Hex            #.......     100%        2
 Conjure Flame            Conj/Fire      #.......     100%        3
 Mephitic Cloud           Conj/Pois/Air  #.......     100%        3
 Bolt of Magma            Conj/Fire/Erth #.........   100%        5
 Iskenderun's Battlesphe  Conj           #.......     100%        5
 Iron Shot                Conj/Erth      #.........   100%        6
 Orb of Destruction       Conj           #.........   100%        7
 Spellforged Servitor     Conj/Summ      #.........   100%        7


Dungeon Overview and Level Annotations

Branches:
Dungeon (12/15)            Temple (1/1) D:5            Lair (2/6) D:11
    Orc (0/2) D:9
  Swamp: Lair:2-4    Shoals: Lair:2-4     Snake: Lair:2-4    Spider: Lair:2-4

Altars:
Ashenzari
Cheibriados
Dithmenos
Elyvilon
Fedhas
Gozag
Hepliaklqana
Kikubaaqudgha
Makhleb
Nemelex Xobeh
Okawaru
Qazlal
Ru
Sif Muna
Trog
Uskayaw
Vehumet
Wu Jian
Xom
Yredelemnul
Zin
The Shining One

Shops:
D:4 *   D:5 [   D:10 =[:*   D:11 ?   D:12 *

Annotations:
D:9 Orc mines
D:11 lair
D:12 3 runed translucent doors, exclusion: obsidian statue, Mocet's ghost, journeyman GnVM
Lair:1 exclusion: oklob plant


Innate Abilities, Weirdness & Mutations

You reflexively headbutt those who attack you in melee.
You have a pair of horns on your head.


Message History

* * * LOW HITPOINT WARNING * * *
The 15-headed hydra bites you.
* * * LOW HITPOINT WARNING * * *
The 15-headed hydra bites you.
* * * LOW HITPOINT WARNING * * *
The 15-headed hydra bites you but does no damage. x2
The 15-headed hydra closely misses you.
The 15-headed hydra bites you but does no damage.
The 15-headed hydra barely misses you.
The 15-headed hydra bites you but does no damage.
You feel better. You block the 15-headed hydra's attack.
The 15-headed hydra bites you but does no damage.
The 15-headed hydra bites you.
* * * LOW HITPOINT WARNING * * *
The 15-headed hydra bites you!
* * * LOW HITPOINT WARNING * * *
You block the 15-headed hydra's attack. The 15-headed hydra bites you.
* * * LOW HITPOINT WARNING * * *
The 15-headed hydra bites you!
You die...

#...## #...## #........ ##...#
##...# ##....... #..##
#...######....... #..##
#................ #D..#
#####..#####.....PP..
#..#########...#..#...........#.
##.....#......>.#..............#.
#.....#........D#..#...........#.
.#.#..#.....#..#@..+...........#.
...........##..................#.
...⌠....#########..########'..#..
.......### ##...............
.⌠^..⌠...# #.....##.###.#..
.......### #....##### ###..
...⌠.....# #....# #..
.........#########....# #..
.##.###...#...........## #..


You could see a 15-headed hydra.

Vanquished Creatures
  Harold (D:7)
  3 two-headed ogres
  An unseen horror (D:12)
  Pikel (D:4)
  2 cyclopes (D:12)
  A gargoyle (D:11)
  4 cane toads (Lair:1)
  A hornet (D:12)
  6 trolls
  5 hippogriffs
  Sigmund (D:2)
  9 yaks (D:11)
  Grum (D:10)
  A wyvern (D:11)
  Edmund (D:5)
  A soldier ant (D:11)
  4 water moccasins (Lair:1)
  4 porcupines (Lair:1)
  4 orc warriors
  2 sky beasts
  A black bear (D:6)
  2 eyes of draining
  A phantom (D:5)
  4 ogres
  2 centaurs
  3 wolves (D:10)
  A crocodile (Lair:1)
  A lemure (D:4)
  2 big kobolds
  6 bullfrogs
  A wyvern skeleton (D:9)
  4 scorpions
  A water moccasin skeleton (D:4)
  3 killer bees (D:10)
  10 wights
  4 centaur zombies
  A quasit (D:11)
  A human zombie (D:6)
  4 jellies
  3 hounds
  2 orc priests
  5 bullfrog skeletons
  9 orc wizards
  Jessica (D:3)
  3 centaur skeletons
  A gnoll shaman (D:9)
  Ijyb (D:3)
  3 iguanas
  10 worker ants
  3 hound zombies
  A howler monkey zombie (D:4)
  A worker ant zombie (D:6)
  Robin (D:2)
  22 gnolls
  2 howler monkey skeletons
  15 adders
  3 shadow imps
  5 white imps
  2 ufetubi
  An ooze (D:6)
  4 adder zombies
  2 adder skeletons (D:4)
  5 worms
  2 dart slugs
  9 leopard geckos
  39 orcs
  3 bats
  4 giant cockroaches
  10 goblins
  12 hobgoblins
  12 kobolds
  3 quokkas
  2 ball pythons
  4 frilled lizards
  A giant cockroach zombie (D:4)
  A kobold zombie (D:6)
  A leopard gecko zombie (D:4)
  7 rats
  A rat zombie (D:6)
321 creatures vanquished.

Vanquished Creatures (others)
  5 fungi
  4 plants
9 creatures vanquished.

Grand Total: 330 creatures vanquished

Notes
Turn   | Place    | Note
-------+----------+-------------------------------------------
     0 | D:1      | miket3c the Minotaur Fighter began the quest for the Orb.
     0 | D:1      | Reached XP level 1. HP: 19/19 MP: 0/0
    16 | D:1      | Reached XP level 2. HP: 5/27 MP: 1/1
   406 | D:2      | Found a broken altar of Ashenzari.
   500 | D:2      | Noticed Sigmund
   522 | D:2      | Killed Sigmund
   522 | D:2      | Reached skill level 5 in Axes
   522 | D:2      | Reached skill level 1 in Dodging
   522 | D:2      | Reached XP level 3. HP: 7/33 MP: 2/2
   522 | D:2      | Reached XP level 4. HP: 8/40 MP: 3/3
   522 | D:2      | Reached XP level 5. HP: 10/46 MP: 4/4
  1034 | D:2      | Noticed Robin
  1046 | D:2      | Killed Robin
  1300 | D:2      | Found a bloodstained altar of Trog.
  1300 | D:2      | Found a faded altar of an unknown god.
  1308 | D:2      | Found a shimmering blue altar of Sif Muna.
  1313 | D:2      | Found a sparkling altar of Nemelex Xobeh.
  1314 | D:2      | Found a stormy altar of Qazlal.
  1570 | D:3      | Noticed Jessica
  1571 | D:3      | Noticed Ijyb
  1573 | D:3      | Killed Jessica
  1573 | D:3      | Reached skill level 6 in Axes
  1573 | D:3      | Reached XP level 6. HP: 53/53 MP: 5/5
  1583 | D:3      | Killed Ijyb
  2352 | D:4      | Reached skill level 5 in Armour
  2508 | D:4      | Got a pitted pewter ring
  2626 | D:4      | Reached skill level 5 in Fighting
  2626 | D:4      | Reached skill level 7 in Axes
  2626 | D:4      | Reached XP level 7. HP: 61/61 MP: 6/6
  2709 | D:4      | Found Zin's Purification Station.
  2712 | D:4      | Found a glowing silver altar of Zin.
  2720 | D:4      | Noticed Pikel
  2732 | D:4      | Killed Pikel
  2732 | D:4      | Reached skill level 8 in Axes
  2732 | D:4      | Reached skill level 5 in Shields
  2732 | D:4      | Reached XP level 8. HP: 39/69 MP: 7/7
  2955 | D:4      | Found a glowing drain.
  2965 | D:4      | Reached skill level 9 in Axes
  3572 | D:5      | Entered Level 5 of the Dungeon
  3589 | D:4      | Identified the ring "Gisyzelu" {rN+ MR+} (You found it on
                  | level 4 of the Dungeon)
  3607 | D:5      | Got a brightly glowing ring mail
  3608 | D:5      | Identified the cursed +0 ring mail "Jumangun" {*Corrode
                  | Str+3 Int+4 Stlth+} (You found it on level 5 of the
                  | Dungeon)
  3675 | D:5      | Found Zeocargh's Antique Armour Emporium.
  3679 | D:5      | Found a staircase to the Ecumenical Temple.
  3700 | Temple   | Entered the Ecumenical Temple
  3871 | Temple   | Became a worshipper of Makhleb the Destroyer
  3901 | D:5      | Bought a pair of glowing gloves for 195 gold pieces
  4089 | D:5      | Noticed Edmund
  4099 | D:5      | Killed Edmund
  4099 | D:5      | Reached skill level 10 in Axes
  4254 | D:6      | Reached * piety under Makhleb
  4450 | D:6      | Reached XP level 9. HP: 75/75 MP: 8/8
  4454 | D:6      | Reached skill level 11 in Axes
  4656 | D:6      | Found a sand-covered staircase.
  4946 | D:6      | Found a basalt altar of Yredelemnul.
  5090 | D:7      | Reached ** piety under Makhleb
  5239 | D:7      | You fall into a shaft and drop 2 floors!
  5239 | D:9      | Found an opulent altar of Gozag.
  5341 | D:9      | Noticed a troll
  5349 | D:9      | Killed a troll
  5349 | D:9      | Reached skill level 12 in Axes
  5578 | D:9      | Found a sacrificial altar of Ru.
  5638 | D:9      | Found a staircase to the Orcish Mines.
  5639 | D:9      | Noticed a troll
  5647 | D:9      | Killed a troll
  5647 | D:9      | Reached *** piety under Makhleb
  5723 | D:9      | Noticed a troll
  5729 | D:9      | Killed a troll
  5883 | D:9      | Found an iron altar of Okawaru.
  5886 | D:9      | Reached skill level 13 in Axes
  6008 | D:9      | You fall into a shaft and drop 1 floor!
  6008 | D:10     | Entered Level 10 of the Dungeon
  6008 | D:10     | Found Tekhluoko's Armour Shoppe.
  6052 | D:10     | Found Tehudghus's General Store.
  6213 | D:10     | Reached XP level 10. HP: 84/84 MP: 9/9
  6233 | D:10     | Found Aliun Boh's Jewellery Boutique.
  6328 | D:10     | Noticed Grum
  6344 | D:10     | Killed Grum
  6408 | D:10     | Found Quph's Book Emporium.
  6772 | D:11     | Noticed a gargoyle
  6779 | D:11     | Killed a gargoyle
  7123 | D:11     | Reached **** piety under Makhleb
  7229 | D:11     | Noticed a two-headed ogre
  7238 | D:11     | Killed a two-headed ogre
  7238 | D:11     | Reached skill level 14 in Axes
  7470 | D:11     | Found a staircase to the Lair.
  7477 | D:11     | Found Zigam's Magic Scroll Shop.
  7480 | D:11     | Bought a scroll of enchant weapon for 120 gold pieces
  7536 | D:11     | Reached skill level 1 in Throwing
  7724 | D:11     | Reached XP level 11. HP: 94/94 MP: 10/10
  7881 | D:12     | Noticed a two-headed ogre
  7892 | D:12     | Killed a two-headed ogre
  7892 | D:12     | Reached skill level 15 in Axes
  8065 | D:12     | Noticed a two-headed ogre
  8073 | D:12     | Killed a two-headed ogre
  8172 | D:12     | Reached ***** piety under Makhleb
  8189 | D:12     | Found a runed translucent gate.
  8189 | D:12     | Found a runed translucent gate.
  8189 | D:12     | Found an opulent altar of Gozag.
  8189 | D:12     | Noticed an obsidian statue
  8189 | D:12     | Noticed Mocet's ghost (journeyman GnVM)
  8190 | D:12     | Found a runed translucent gate.
  8190 | D:12     | Noticed an ettin
  8247 | D:12     | Killed an unseen horror
  8467 | D:12     | Found Zibanidi's Assorted Antiques.
  8723 | D:12     | Paralysed by a hornet for 2 turns
  8938 | Lair:1   | Entered Level 1 of the Lair of Beasts
  9024 | Lair:1   | Reached skill level 16 in Axes
  9137 | Lair:1   | Noticed an oklob plant
  9941 | Lair:2   | Noticed a five-headed hydra
 10461 | D:8      | Found a blossoming altar of Fedhas.
 11137 | D:7      | Noticed Harold
 11160 | D:7      | Killed Harold
 11160 | D:7      | Reached skill level 10 in Shields
 11160 | D:7      | Reached XP level 12. HP: 104/105 MP: 11/11
 11236 | D:7      | Found a sacrificial altar of Ru.
 11321 | D:7      | Found a hide-covered altar of Uskayaw.
 11841 | Lair:1   | HP: 5/105 [15-headed hydra (1)]
 11841 | Lair:1   | Slain by a 15-headed hydra

Illustrated notes

Levels and vault maps discovered:
D:1:      dpeg_arrival_simpleton_c, layout_basic, minmay_rat_gold_closets
D:2:      layout_loops_corners, nicolae_ashenzari_panopticon,
          chequers_temple_overflow_minitemple, uniq_robin, uniq_sigmund
D:3:      layout_loops_ring, grunt_decor_mini_mirrors, uniq_ijyb, uniq_jessica
D:4:      layout_loops_corners, zin_purify, cheibrodos_sewer_entry_sluice,
          serial_undead, serial_undead_f, serial_undead_d, serial_undead_d,
          serial_undead_b, serial_undead_c, kennysheep_dice, uniq_pikel
D:5:      lemuel_upstairs_altar, layout_rooms, minmay_temple_entry_offerings,
          serial_shops, shop, uniq_edmund
D:6:      layout_basic, yredelemnul_altar_generic, enter_ossuary_3
D:7:      layout_cave_pools, kennysheep_mini, dancing_weapons_uskayaw,
          uniq_harold
D:8:      layout_gridville, fedhas_ov_isle_minmay
D:9:      layout_roguey, nicolae_gozag_seed_capital, okawaru_ov_weapons_minmay,
          orc_0_dummy, nicolae_ru_great_annihilating_truth
D:10:     layout_loops_corners, serial_shops, nicolae_shop_trees, shop,
          nicolae_shop_statue_plus, shop, uniq_grum
D:11:     layout_loops_cross, lair_entry_dummy, serial_shops,
          nicolae_shop_window_shopping
D:12:     layout_roguey, ebering_ghost_gozag
Temple:   compressed_dpeg_circular_temple
Lair:1:   layout_chaotic_city, minmay_lair_oklob_chamber, grunt_megastairs_4
Lair:2:   layout_regular_city, spider_nest_entry_web_field, enter_volcano_2,
          grunt_forest_large_clearing_hut

Skill      XL: |  1  2  3  4  5  6  7  8  9 10 11 |
---------------+----------------------------------+-----
Armour         | 4 5 6 7 9 |  9.2
Fighting       | 4 5 6 8 9 |  9.4
Axes           | 5 6 7 8 10 13 14 16 | 16.5
Dodging        | 1 2 3 |  3.8
Shields        | 4 5 6 7 9 10 | 10.2
Throwing       | 1 |  1.0

Action                   |  1- 3 |  4- 6 |  7- 9 | 10-12 || total
-------------------------+-------+-------+-------+-------++-------
Melee: War axe           |    50 |   144 |   280 |   472 ||   946
       Headbutt          |     5 |    26 |    77 |   138 ||   246
Throw: Stone             |       |     2 |     5 |    14 ||    21
  Use: Potion            |       |     3 |     2 |     4 ||     9
       Scroll            |       |       |     7 |     9 ||    16
 Stab: Invisible         |       |       |     1 |       ||     1
       Paralysed         |       |       |     1 |       ||     1
Armor: Scale mail        |    21 |    10 |       |       ||    31
       Chain mail        |       |    38 |   109 |   233 ||   380
Dodge: Dodged            |    13 |    43 |    75 |   103 ||   234
Block: Kite shield       |    19 |    78 |   193 |   244 ||   534

Table legend: (Time is in decaauts)
 A = Elapsed time spent in this place.
 B = Non-inter-level travel time spent in this place.
 C = Inter-level travel time spent in this place.
 D = Time resting spent in this place.
 E = Time spent auto-exploring this place.
 F = Levels seen in this place.
 G = Mean time per level.
                   A        B        C        D        E       F      G
               +--------+--------+--------+--------+--------+-----+--------+
         Total |  11821 |  11093 |    728 |   2180 |   6595 |  15 |  788.1 |
       Dungeon |  10449 |   9778 |    671 |   1908 |   5951 |  12 |  870.8 |
        Temple |    193 |    193 |      0 |      0 |      0 |   1 |  193.0 |
          Lair |   1178 |   1121 |     57 |    272 |    644 |   2 |  589.0 |
               +--------+--------+--------+--------+--------+-----+--------+

Top non-repeatable levels by time:
     D:2: 1565 daAuts
     D:4: 1284 daAuts
    D:11: 1104 daAuts
  Lair:1: 1060 daAuts
    D:12: 1040 daAuts
     D:9: 931 daAuts
    D:10: 914 daAuts
     D:8: 896 daAuts
     D:6: 854 daAuts
     D:3: 770 daAuts
     D:7: 598 daAuts
     D:5: 450 daAuts
  Temple: 193 daAuts
  Lair:2: 117 daAuts
     D:1: 38 daAuts
